 Dungeon Crawl Stone Soup version 0.29.1-1-gd02db69 (webtiles) character file.

Game seed: 8064483397069623358

98 Timinator the Insei (level 4, 0/52 HPs)
             Began as a Demigod Transmuter on Jan 11, 2023.
             Slain by a gnoll
             ... wielding a +0 flail
              (3 damage)
             ... on level 3 of the Dungeon.
             The game lasted 00:06:59 (2590 turns).

Timinator the Insei (Demigod Transmuter)            Turns: 2590, Time: 00:06:59

Health: 0/52       AC:  4    Str: 11    XL:     4   Next: 20%
Magic:  7/9        EV: 12    Int: 15    God:
Gold:   205        SH:  0    Dex: 18    Spells: 4/7 levels left

rFire   . . .      SeeInvis .     - Unarmed
rCold   . . .      Faith    .   (no shield)
rNeg    . . .      Spirit   .   j - +0 leather armour
rPois   .          Reflect  .   (helmet currently unavailable)
rElec   .          Harm     .   (no cloak)
rCorr   .          Rampage  .   g - +0 pair of gloves
Will    .....                   (boots currently unavailable)
Stlth   ..........              (no amulet)
HPRegen 0.17/turn               (no ring)
MPRegen 0.11/turn               (no ring)

@: berserking, appendages (expiring), wereblooded, very quick
A: horns 2, talons 2, high MP 1, forlorn, divine attributes
a: End Transformation


You were on level 3 of the Dungeon.
You had temporarily grown beastly horns and talons.
You visited 1 branch of the dungeon, and saw 3 of its levels.

You collected 205 gold pieces.

Inventory:

Missiles
 d - 5 javelins
Armour
 g - a +0 pair of gloves (worn)
 j - a +0 leather armour (worn)
Scrolls
 e - 2 scrolls of enchant armour {unknown}
 h - a scroll of magic mapping {unknown}
Potions
 a - a potion of brilliance
 b - a potion of lignification
 c - a potion of mutation
 k - a potion of flight


   Skills:
 * Level 1.6 Fighting
 * Level 1.2 Armour
 + Level 2.1 Dodging
 + Level 3.3 Unarmed Combat
 - Level 2.0 Spellcasting
 + Level 2.6 Transmutations


You had 4 spell levels left.
You knew the following spells:

 Your Spells              Type           Power      Damage    Failure   Level
a - Beastly Appendage     Tmut           18%        N/A       10%         1
b - Wereblood             Tmut           9%         N/A       16%         2

Your spell library contained the following spells:

 Spells                   Type           Power      Damage    Failure   Level
 Spider Form              Tmut/Pois      5%         N/A       45%         3
 Ice Form                 Ice/Tmut       5%         N/A       86%         4


Dungeon Overview and Level Annotations

Branches:
Dungeon (3/15)


Innate Abilities, Weirdness & Mutations

You have temporarily grown beastly horns and talons.
You have an increased reservoir of magic. (+10% MP)
You shall have no god before yourself.
Your divine heritage dramatically boosts your attributes as you level up.


Message History

Casting: Beastly Appendage (safe; 10% risk of failure)
Confirm with . or Enter, or press ? or * to list all spells.
You grow a pair of large bovine horns.
Your feet morph into talons.
Casting: Beastly Appendage (safe; 10% risk of failure)
Confirm with . or Enter, or press ? or * to list all spells.
Your blood is infused with primal strength.
The gnoll hits you but does no damage.
You hit the gnoll. You claw the gnoll.
The gnoll is heavily wounded.
The gnoll hits you from afar with a +0 spear.
The gnoll hits you but does no damage.
You hit the gnoll.
The gnoll is heavily wounded.
You hit the gnoll.
The gnoll is almost dead.
The gnoll hits you from afar with a +0 spear.
The gnoll barely misses you.
You hit the gnoll.
You feel a bit better.
You kill the gnoll!
The gnoll barely misses you.
Things that are here:
a +0 flail; a gnoll corpse You barely miss the gnoll.
You claw the gnoll. You headbutt the gnoll. Your punch misses the gnoll.
The gnoll is moderately wounded.
The gnoll hits you with a +0 spear. The gnoll hits you with a +0 flail!
You howl as the wereblood boils in your veins!
The gnoll hits you from afar with a +0 spear.
Your transformation is almost over.
Okay, then.
The gnoll attacks as you move away! The gnoll hits you with a +0 flail!
* * * LOW HITPOINT WARNING * * *
It was a potion of berserk rage.
A red film seems to cover your vision as you go berserk!
You feel yourself moving faster!
You feel mighty! The gnoll closely misses you.
You barely miss the gnoll. You claw the gnoll.
The gnoll is severely wounded.
You howl as the wereblood boils in your veins!
The gnoll barely misses you. The gnoll hits you with a +0 flail.
You die...

###### #...<# ### #....# ..#
###....## #.# #.......#
#####.##### #........
#.ggg.....# #....[..# .#+#
#.###@###.# ###.....# ....$
#.# #.# #.# #...... ...gg#
#.###.# #.# #...#.# .....g#
#.##..# #.# ###.#.#
.......##.#...###.#######....#
.......'..([..................
.......##.........#######....#
......# ####..##### ##.#.#
.....# ##.# ###.#


You could see 3 gnolls.

Vanquished Creatures
  3 adders
  A gnoll (D:3)
  3 worms
  A dart slug (D:1)
  An orc (D:3)
  5 endoplasms
  3 giant cockroaches (D:1)
  6 goblins
  3 hobgoblins
  2 jackals (D:2)
  4 kobolds
  2 quokkas
  5 ball pythons
  4 bats
  2 frilled lizards
  4 rats
49 creatures vanquished.

Vanquished Creatures (others)
  3 plants (D:2)
3 creatures vanquished.

Grand Total: 52 creatures vanquished

Notes
Turn   | Place    | Note
-------+----------+-------------------------------------------
     0 | D:1      | Timinator the Demigod Transmuter began the quest for the
                  | Orb.
     0 | D:1      | Reached XP level 1. HP: 15/15 MP: 5/5
   247 | D:1      | Reached skill level 1 in Fighting
   425 | D:1      | Reached XP level 2. HP: 15/23 MP: 5/7
   762 | D:1      | Reached skill level 3 in Unarmed Combat
  1215 | D:2      | Reached XP level 3. HP: 22/28 MP: 6/8
  1316 | D:2      | Learned a level 2 spell: Wereblood
  1560 | D:2      | Reached skill level 1 in Armour
  2421 | D:3      | Reached XP level 4. HP: 35/35 MP: 7/9
  2590 | D:3      | Slain by a gnoll

Illustrated notes

Levels and vault maps discovered:
D:1:      dpeg_arrival_stonehenge_8_columns, layout_basic,
          dreamdust_ecumenical_altar_angels_and_demons, minmay_tetromino_l2
D:2:      layout_loops_ring, basic_altar, hangedman_abyss_or_decor_lesser_grid,
          serial_bayou_pond_a
D:3:      layout_loops_corners, old_standard_altar

Skill      XL: |  1  2  3 |
---------------+----------+-----
Fighting       | 1 |  1.6
Spellcasting   | 2 |  2.0
Transmutations | 2 |  2.6
Unarmed Combat | 3 |  3.3
Dodging        | 2 |  2.1
Armour         | 1 |  1.2

Action                   |  1- 3 |  4- 6 || total
-------------------------+-------+-------++-------
Melee: Unarmed           |   148 |     7 ||   155
       Kick              |    32 |     4 ||    36
       Headbutt          |    19 |     2 ||    21
       Punch             |       |     1 ||     1
 Cast: Beastly Appendage |    33 |     2 ||    35
       Wereblood         |     2 |     1 ||     3
  Use: Scroll            |     3 |       ||     3
       Potion            |       |     1 ||     1
 Stab: Sleeping          |     2 |       ||     2
Armor: Robe              |    36 |       ||    36
       Leather armour    |     3 |     2 ||     5
Dodge: Dodged            |    84 |     5 ||    89
